Map: Torri del crepuscolo

Players

Breville

  • Race: Zerg Zerg
  • League: Gold

Jhyrachy - Winner!

  • Race: Zerg Zerg
  • League: Gold

VOD

Have the link to the VOD?

Description

Time

  • Played on: April 26, 2016, 7:04 p.m.
  • Length: 5:49
Show
View Real Time Build Order
Export as new Build Order

Breville Zerg 

Build Orders: Pool First 

Get SALT Encoding   

  12  0:01  Drone  
  13  0:08  Drone  
  14  0:23  Extractor  
  14  0:24  Drone  
  14  0:33  Spawning Pool  
  14  0:35  Drone  
  14  0:44  Overlord  
  14  0:54  Extractor, Drone  
  15  1:02  Drone  
  15  1:03  Drone  
  17  1:20  Zergling x4  
  19  1:26  Metabolic Boost  
  19  1:30  Overlord  
  19  1:36  Queen  
  21  1:40  Zergling x2  
  22  1:51  Zergling x2  
  23  1:59  Baneling Nest  
  22  2:04  Zergling x2  
  23  2:13  Zergling x2  
  24  2:23  Zergling x2  
  25  2:36  Hatchery  
  24  2:41  Zergling x2  
  25  2:44  Baneling x2  
  25  2:56  Zergling x2  
  25  2:57  Zergling x4  
  27  3:04  Zergling x2  
  22  3:13  Zergling x2  
  23  3:24  Evolution Chamber  
  21  3:34  Zergling x4  
  21  3:39  Queen  
  21  3:40  Overlord  
  25  3:45  Zergling x6  
  24  3:57  Zergling x2  
  25  4:10  Zergling x6  
  25  4:14  Queen  
  30  4:17  Zergling x4  
  30  4:23  Drone  
  33  4:24  Drone  
  32  4:32  Baneling x2  
  32  4:33  Baneling  
  32  4:34  Baneling  
  28  4:47  Zergling x6  
  29  5:03  Zergling x8  
  31  5:13  Drone, Zergling x4  
Show
View Real Time Build Order
Export as new Build Order

Jhyrachy Zerg - Winner!

Build Orders: Pool First 

Get SALT Encoding   

  12  0:03  Drone  
  13  0:08  Drone  
  14  0:23  Overlord  
  14  0:36  Spawning Pool  
  14  0:37  Drone  
  14  0:42  Extractor  
  14  0:43  Drone  
  14  0:51  Drone  
  14  0:54  Drone  
  16  1:03  Drone  
  17  1:12  Drone  
  18  1:23  Queen  
  18  1:24  Overlord  
  20  1:38  Drone  
  21  1:47  Evolution Chamber  
  20  1:48  Metabolic Boost  
  20  1:51  Zergling x2  
  21  1:57  Zergling x2  
  22  2:05  Overlord  
  22  2:23  Zergling x2  
  23  2:36  Zergling x8  
  27  2:41  Zerg Melee Weapons Level 1  
  27  2:46  Zergling x2  
  23  3:05  Zergling x2  
  23  3:06  Zergling x6  
  26  3:26  Zergling x4  
  27  3:55  Zergling x2  
  27  3:56  Zergling x6  
  29  4:20  Zergling x2  
  29  4:21  Zergling x2  
  31  4:28  Zergling x6  
  31  4:30  Hatchery  
  26  5:23  Zergling x4  
Tags
 
Add a new tag
Caveats
  • Supply blocks, unpowered buildings, or Contaminate may cause inaccurate times.
  • Supply counts are checked every 10 seconds.